 Dungeon Crawl Stone Soup version 0.23-b1-6-ga921848b48 (webtiles) character file.

Game seed: 2851615542538269909

4482 Peloso the Carver (level 10, 0/84 HPs)
             Began as a Minotaur Fighter on Feb 2, 2019.
             Was an Elder of Okawaru.
             Slain by a wolf (3 damage)
             ... led by Grum
             ... on level 8 of the Dungeon.
             The game lasted 00:13:22 (6559 turns).

Peloso the Carver (Minotaur Fighter)                Turns: 6559, Time: 00:13:23

Health: 0/84       AC: 14    Str: 27    XL:     10   Next: 16%
Magic:  9/9        EV:  9    Int:  0    God:    Okawaru [****..]
Gold:   406        SH: 12    Dex: 11    Spells: 9/9 levels left

rFire    x . .     SeeInvis .   a - +1 long sword
rCold    + . .     Gourm    .   c - +0 shield
rNeg     . . .     Faith    .   g - +0 chain mail
rPois    .         Spirit   .   (helmet restricted)
rElec    .         Reflect  .   j - +0 cloak of the Curious Coins {Regen+ rCorr Str+4 Int-5}
rCorr    +         Harm     .   i - +0 pair of gloves
MR       .....                  (no boots)
Stlth    ..........             (no amulet)
HPRegen  0.64/turn              v - +2 ring of slaying
MPRegen  0.11/turn              u - ring of ice

@: lethally poisoned (0 -> -1), hasted and slowed, lost intelligence
A: retaliatory headbutt, horns 2
a: Heroism, Renounce Religion


You were on level 8 of the Dungeon.
You worshipped Okawaru.
Okawaru was greatly pleased with you.
You were not hungry.

You visited 2 branches of the dungeon, and saw 9 of its levels.

You collected 406 gold pieces.

Inventory:

Hand Weapons
 a - a +1 long sword (weapon)
 E - a +1 whip of flaming
Armour
 b - a +0 scale mail
 c - a +0 shield (worn)
 g - a +0 chain mail (worn)
 i - a +0 pair of gloves (worn)
 j - the +0 cloak of the Curious Coins (worn) {Regen+ rCorr Str+4 Int-5}
   (You found it on level 5 of the Dungeon)

   It affects your strength (+4).
   It affects your intelligence (-5).
   It increases your rate of regeneration.
   It provides partial protection from all sources of acid and corrosion.
Jewellery
 m - an uncursed ring of resist corrosion
 u - a ring of ice (right hand)
 v - a +2 ring of slaying (left hand)
 C - an uncursed ring of stealth
Wands
 B - a wand of random effects (24)
Scrolls
 e - 3 scrolls of identify
 k - 2 scrolls of amnesia
 o - a scroll of noise
 p - 2 scrolls of fear
 q - 8 scrolls of remove curse
 s - 2 scrolls of enchant weapon
 w - 2 scrolls of teleportation {unknown}
 x - 2 scrolls of fog {unknown}
 y - a scroll of enchant armour {unknown}
 D - a scroll of magic mapping
Potions
 d - 2 potions of might
 h - 2 potions of invisibility
 l - 2 potions of magic {unknown}
 n - a potion of resistance
 r - 2 potions of haste
 t - 4 potions of curing
 z - a potion of flight
 A - a potion of brilliance
Comestibles
 f - 11 rations


   Skills:
 + Level 6.8 Fighting
 + Level 10.9 Long Blades
 + Level 9.1 Armour
 + Level 3.2 Dodging
 + Level 1.0 Stealth
 + Level 9.7 Shields


You had 9 spell levels left.
You didn't know any spells.
Your spell library was empty.

Dungeon Overview and Level Annotations

Branches:
Dungeon (8/15)             Temple (1/1) D:5
   Lair: D:8-11

Altars:
Ashenzari
Cheibriados
Dithmenos
Elyvilon
Gozag
Hepliaklqana
Kikubaaqudgha
Makhleb
Nemelex Xobeh
Okawaru
Qazlal
Ru
Sif Muna
Trog
Uskayaw
Vehumet
Wu Jian
Xom
Yredelemnul
Zin
The Shining One
Beogh

Annotations:
D:7 2 transporters, 1 runed translucent door
D:8 Grum


Innate Abilities, Weirdness & Mutations

You reflexively headbutt those who attack you in melee.
You have a pair of horns on your head.


Message History

You closely miss the wolf. Your headbutt misses the wolf.
The wolf is lightly wounded.
You feel sick.
The killer bee rages.
You block the wolf's attack. x2; The freed slave hits the killer bee!
The wolf pauses to sniff the ground.
The wolf bites you.
* * * LOW HITPOINT WARNING * * *
A killer bee comes into view.
The killer bee rages.
Grum hits you from afar with a +0 spear!
* * * LOW HITPOINT WARNING * * *
You hear an angry buzzing noise.
You slash the wolf!
The wolf is moderately wounded.
You block the wolf's attack. The wolf closely misses you.
You furiously retaliate!
You headbutt the wolf! You block the wolf's attack.
The freed slave hits the killer bee!
You block the wolf's attack. The wolf bites you.
You die...

........................
#.....##y##.....(#......
.........##.............
.......y.##.............
..........#...##........
..........#.............
.....yygyp#.............
.....yhhhy#...........##
.....##@### .....'.
..... ### ...........#.
##... ............#.
.... ..#............#.
......................#.
.....................#.
...)..............#....
.......................
.......................


You could see Grum, a queen bee, 3 wolves, 6 killer bees and a neutral freed
slave.

Vanquished Creatures
  Pikel (D:8)
  A hippogriff (D:7)
  Menkaure (D:5)
  A steam dragon (D:6)
  2 ice beasts
  3 orc warriors
  4 ogres
  A black bear (D:7)
  A phantom (D:7)
  A necrophage (D:7)
  A wolf (D:8)
  4 centaurs
  A big kobold (D:7)
  4 bullfrogs
  4 scorpions
  3 killer bees (D:8)
  5 wights (D:7)
  A howler monkey (D:5)
  2 crimson imps
  A centaur zombie (D:7)
  A jelly (D:7)
  A human zombie (D:7)
  2 hounds
  3 gnoll shamans
  3 orc priests
  A bullfrog skeleton (D:7)
  7 orc wizards
  2 centaur skeletons
  2 iguanas (D:6)
  3 worker ants
  A hound zombie (D:6)
  A howler monkey skeleton (D:5)
  17 gnolls
  7 adders
  2 shadow imps (D:6)
  2 oozes
  2 adder skeletons
  A worm (D:5)
  3 dart slugs
  5 leopard geckos
  25 orcs
  5 bats
  5 giant cockroaches
  6 goblins
  8 hobgoblins
  7 jackals
  10 kobolds
  A quokka (D:7)
  4 frilled lizards
  A goblin skeleton (D:7)
  A jackal skeleton (D:4)
  A kobold zombie (D:7)
  A quokka zombie (D:5)
  9 rats
192 creatures vanquished.

Vanquished Creatures (others)
  A steam dragon (D:6)
  2 slaves (D:8)
3 creatures vanquished.

Grand Total: 195 creatures vanquished

Notes
Turn   | Place    | Note
-------+----------+-------------------------------------------
     0 | D:1      | Peloso the Minotaur Fighter began the quest for the Orb.
     0 | D:1      | Reached XP level 1. HP: 19/19 MP: 0/0
   107 | D:1      | Reached XP level 2. HP: 24/27 MP: 1/1
   675 | D:2      | Reached XP level 3. HP: 33/33 MP: 2/2
   726 | D:2      | Reached skill level 3 in Long Blades
   971 | D:2      | Reached XP level 4. HP: 32/40 MP: 3/3
  1833 | D:3      | Found a sparkling altar of Nemelex Xobeh.
  1849 | D:3      | Reached XP level 5. HP: 38/46 MP: 4/4
  1865 | D:3      | Reached skill level 5 in Shields
  2348 | D:4      | Noticed an ogre
  2358 | D:4      | Killed an ogre
  2358 | D:4      | Reached skill level 4 in Long Blades
  2358 | D:4      | Reached skill level 1 in Dodging
  2366 | D:4      | Noticed an ice beast
  2372 | D:4      | Killed an ice beast
  2372 | D:4      | Reached skill level 5 in Long Blades
  2372 | D:4      | Reached skill level 5 in Armour
  2372 | D:4      | Reached XP level 6. HP: 48/53 MP: 5/5
  2405 | D:4      | Found a snail-covered altar of Cheibriados.
  2716 | D:4      | Got an ichor-stained scale mail
  2727 | D:4      | Identified the +0 scale mail of a Gauntlet {*Slow Dex+4}
                  | (You found it on level 4 of the Dungeon)
  3134 | D:4      | Found a sacrificial altar of Ru.
  3397 | D:5      | Entered Level 5 of the Dungeon
  3444 | D:5      | Found a hazy altar of Hepliaklqana.
  3477 | D:5      | Reached skill level 6 in Long Blades
  3496 | D:5      | Reached XP level 7. HP: 55/60 MP: 6/6
  3519 | D:5      | Found a staircase to the Ecumenical Temple.
  3532 | Temple   | Entered the Ecumenical Temple
  3583 | Temple   | Became a worshipper of Warmaster Okawaru
  3670 | D:5      | Noticed Menkaure
  3679 | D:5      | Reached skill level 7 in Long Blades
  3688 | D:5      | Killed Menkaure
  4307 | D:5      | Got a jewelled cloak
  4313 | D:5      | Identified the +0 cloak of the Curious Coins {Regen+ rCorr
                  | Str+4 Int-5} (You found it on level 5 of the Dungeon)
  4313 | D:5      | Lost intelligence.
  4437 | D:5      | Reached * piety under Okawaru
  4437 | D:5      | Reached skill level 8 in Long Blades
  4437 | D:5      | Reached XP level 8. HP: 63/67 MP: 7/7
  4597 | D:6      | Reached skill level 5 in Fighting
  4745 | D:6      | Found an ornate altar of the Wu Jian Council.
  4858 | D:6      | Reached skill level 9 in Long Blades
  5126 | D:6      | Found a glowing golden altar of the Shining One.
  5277 | D:6      | Reached XP level 9. HP: 10/75 MP: 8/8
  5280 | D:6      | Reached ** piety under Okawaru
  5426 | D:7      | Found a transporter.
  5429 | D:7      | Noticed a two-headed ogre
  5669 | D:7      | Found a runed translucent door.
  5672 | D:7      | Found a basalt altar of Yredelemnul.
  5684 | D:7      | Reached skill level 10 in Long Blades
  5715 | D:7      | Reached *** piety under Okawaru
  5715 | D:7      | Reached skill level 1 in Stealth
  6026 | D:7      | Found a roughly hewn altar of Beogh.
  6026 | D:7      | Found a transporter.
  6430 | D:8      | Noticed Pikel
  6453 | D:8      | Killed Pikel
  6453 | D:8      | Reached **** piety under Okawaru
  6453 | D:8      | Reached XP level 10. HP: 78/84 MP: 9/9
  6537 | D:8      | Noticed Grum
  6558 | D:8      | HP: 2/84 [Grum/+0 spear (13)]
  6559 | D:8      | Slain by a wolf

Skill      XL: |  1  2  3  4  5  6  7  8  9 10 |
---------------+-------------------------------+-----
Armour         | 4 5 7 8 9 |  9.1
Shields        | 4 5 6 8 9 |  9.7
Fighting       | 4 5 6 |  6.8
Long Blades    | 3 5 6 8 9 10 | 10.9
Dodging        | 1 2 3 |  3.2
Stealth        | 1 |  1.0

Action                   |  1- 3 |  4- 6 |  7- 9 | 10-12 || total
-------------------------+-------+-------+-------+-------++-------
Melee: Long sword        |    84 |   154 |   301 |    15 ||   554
       Headbutt          |    16 |    27 |    78 |     5 ||   126
  Use: Scroll            |       |    13 |       |       ||    13
       Potion            |       |       |     2 |     1 ||     3
  Eat: Chunk             |       |     6 |    12 |     1 ||    19
       Ration            |       |     1 |       |       ||     1
Armor: Chain mail        |    88 |    65 |   168 |    27 ||   348
Dodge: Dodged            |    20 |    33 |    98 |    34 ||   185
Block: Shield            |    50 |    70 |   244 |    49 ||   413
       Rpst.: Long sword |     8 |    12 |    26 |     7 ||    53
